 Dungeon Crawl Stone Soup version 0.26.1-2-gb8aa6d0cf2 (webtiles) character file.

Game seed: 4369546666681182829

98 Electrofox the Chiller (level 4, -8/33 HPs)
             Began as a Draconian Ice Elementalist on Mar 2, 2021.
             Killed by divine providence
             ... invoked by an orc priest
              (11 damage)
             ... on level 3 of the Dungeon.
             The game lasted 00:19:36 (2880 turns).

Electrofox the Chiller (Draconian Ice Elementalist) Turns: 2880, Time: 00:19:36

Health: -8/33      AC: 11    Str: 11    XL:     4   Next: 43%
Magic:  1/8        EV: 12    Int: 16    God:
Gold:   168        SH:  0    Dex: 11    Spells: 5/9 levels left

rFire    . . .     SeeInvis .   e - +0 dagger
rCold    . . .     Faith    .   (no shield)
rNeg     + . .     Spirit   .   (armour unavailable)
rPois    .         Reflect  .   (helmet restricted)
rElec    .         Harm     .   f - +0 cloak
rCorr    .         Rampage  .   (no gloves)
Will     .....                  k - +0 pair of boots (curse)
Stlth    ++........             (no amulet)
HPRegen  0.11/turn              j - +4 ring of protection
MPRegen  0.11/turn              o - ring of positive energy

@: slowed, very slow
A: unfitting armour, cold-blooded, AC +5
a: no special abilities


You were on level 3 of the Dungeon.
You visited 1 branch of the dungeon, and saw 3 of its levels.

You collected 168 gold pieces.

Inventory:

Hand Weapons
 e - a +0 dagger (weapon)
Missiles
 b - 6 curare-tipped darts
Armour
 f - a +0 cloak (worn)
 k - a cursed +0 pair of boots (worn)
Jewellery
 j - a +4 ring of protection (left hand)
 o - a ring of positive energy (right hand)
Scrolls
 a - a scroll of identify {unknown}
 c - a scroll of blinking {unknown}
 d - 3 scrolls of teleportation
 g - 2 scrolls of magic mapping {unknown}
 h - a scroll of random uselessness {unknown}
 i - 2 scrolls of remove curse
Potions
 l - a potion of flight {unknown}
 m - a potion of attraction {unknown}
 n - 2 potions of curing {unknown}


   Skills:
 - Level 1.7 Dodging
 - Level 1.7 Stealth
 + Level 3.0 Spellcasting
 * Level 5.3 Ice Magic


You had 5 spell levels left.
You knew the following spells:

 Your Spells              Type           Power        Failure   Level
a - Freeze                Ice            76%          1%          1
b - Ozocubu's Armour      Ice            19%          6%          3

Your spell library contained the following spells:

 Spells                   Type           Power        Failure   Level
 Frozen Ramparts          Ice            38%          6%          3
 Hailstorm                Conj/Ice       11%          52%         4
 Summon Ice Beast         Ice/Summ       11%          52%         4


Dungeon Overview and Level Annotations

Branches:
Dungeon (3/15)

Altars:
Elyvilon
Nemelex Xobeh
Uskayaw
Vehumet


Innate Abilities, Weirdness & Mutations

Your plain brown scales are hard. (AC +5)
You cannot fit into any form of body armour.
You are cold-blooded and may be slowed by cold attacks.


Message History

You freeze the orc priest.
The orc priest is heavily wounded.
The orc wizard hits you but does no damage.
The orc priest hits you but does no damage.
The orc misses you. The orc hits you but does no damage.
The orc wizard gestures wildly while chanting.
The orc wizard blinks!
The orc priest hits you but does no damage.
The orc barely misses you.
Your icy armour will break if you move.
Continue?
Uppercase [Y]es or [N]o only, please.
Your icy armour will break if you move.
Continue?
Your icy armour cracks and falls away as you move.
The orc hits you but does no damage.
There is a hide-covered altar of Uskayaw here.
The orc wizard hits you but does no damage.
The orc barely misses you. The orc wizard barely misses you.
The orc priest mumbles some strange prayers to Beogh against you.
Beogh smites you!
You die...

#........##.###.......##......
#.....................##......
#....8.......8........########
#....................(# #
#....8.......8.######## #
#......).o...# ##.8...o.oo8.#
#....###o...# ###.......@##
...#.####.# ###.#o#
#.######### ## ...oo
..........# ##. .#.#.##
#########.# ##.. ...#.# #.#
##..# ..# #.# ##..## #.###..##
#.....##


You could see an orc priest, an orc wizard and 3 orcs.

Vanquished Creatures
  An orc wizard (D:3)
  An adder (D:2)
  2 worms
  2 dart slugs
  3 leopard geckos (D:1)
  2 orcs
  6 bats
  2 giant cockroaches
  4 goblins
  9 hobgoblins
  2 jackals (D:1)
  3 kobolds
  A ball python (D:3)
  3 frilled lizards
  A leopard gecko skeleton (D:3)
  A quokka zombie (D:3)
  3 rats
46 creatures vanquished.

Notes
Turn   | Place    | Note
-------+----------+-------------------------------------------
     0 | D:1      | Electrofox the Draconian Ice Elementalist began the quest
                  | for the Orb.
     0 | D:1      | Reached XP level 1. HP: 14/14 MP: 3/3
   498 | D:1      | Reached XP level 2. HP: 17/20 MP: 5/5
  1098 | D:2      | Reached XP level 3. HP: 26/26 MP: 4/6
  1125 | D:2      | Learned a level 3 spell: Ozocubu's Armour
  1392 | D:2      | Found a radiant altar of Vehumet.
  1837 | D:3      | Found a sparkling altar of Nemelex Xobeh.
  2006 | D:3      | Found a white marble altar of Elyvilon.
  2075 | D:3      | Reached skill level 5 in Ice Magic
  2612 | D:3      | Reached XP level 4. HP: 33/33 MP: 4/8
  2842 | D:3      | Found a hide-covered altar of Uskayaw.
  2880 | D:3      | Killed from afar by an orc priest

Illustrated notes

Levels and vault maps discovered:
D:1:      ncdulo_watergridlock, layout_rooms, item_on_display_b
D:2:      layout_rooms, overflow_temple_1_default
D:3:      layout_basic, grunt_temple_overflow_champion_of_chaos,
          eat_drink_and_be_merry_uskayaw, nemelex_xobeh_ov_fountains_minmay,
          elyvilon_altar_5, chequers_ecumenical_altar_lobes,
          grunt_decor_arrowhead

Skill      XL: |  1  2  3 |
---------------+----------+-----
Ice Magic      | 5 |  5.3
Spellcasting   | 3 |  3.0
Dodging        | |  1.7
Stealth        | |  1.7

Action                   |  1- 3 |  4- 6 || total
-------------------------+-------+-------++-------
Melee: Unarmed           |     9 |       ||     9
       Dagger            |   114 |    13 ||   127
       Tailslap          |    10 |     3 ||    13
 Cast: Freeze            |    47 |    11 ||    58
       Ozocubu's Armour  |       |     1 ||     1
  Use: Scroll            |     2 |       ||     2
Armor: Skin              |    53 |    19 ||    72
Dodge: Dodged            |    92 |    18 ||   110
